 Dungeon Crawl Stone Soup version 0.19.0 (webtiles) character file.

254 AlphabetPasta the Gusty (level 5, -4/51 HPs)
             Began as a Demigod Air Elementalist on Nov 13, 2016.
             Slain by a worker ant (7 damage)
             ... on level 4 of the Dungeon.
             The game lasted 00:15:58 (3937 turns).

AlphabetPasta the Gusty (Demigod Air Elementalist)  Turns: 3937, Time: 00:15:59

Health: -4/51      AC:  3    Str: 13 (14) XL:     5   Next: 59%
Magic:  7/12       EV: 12    Int: 21      God:
Gold:   165        SH:  0    Dex: 16      Spells: 4 memorised, 1 level left

rFire  . . .     SeeInvis .     q - +1 trident (pierce)
rCold  . . .     Gourm    .     a - +1 robe
rNeg   . . .     Faith    .     (no shield)
rPois  .         Spirit   .     (no helmet)
rElec  .         Reflect  .     (no cloak)
rCorr  .         Harm     .     (no gloves)
MR     .....                    (no boots)
Stlth  ..........               (no amulet)
                                (no ring)
                                (no ring)

@: berserking, repel missiles, very quick
A: blink, frail 1, high mp 1, weak 1
a: Blink


You were on level 4 of the Dungeon.
You were not hungry.

You visited 1 branch of the dungeon, and saw 4 of its levels.

You collected 165 gold pieces.

Inventory:

Hand Weapons
 q - a +1 trident of piercing (weapon)
Armour
 a - a +1 robe (worn)
Jewellery
 m - a +4 ring of strength {unknown}
 u - an uncursed ring of positive energy {unknown}
Wands
 j - a wand of polymorph (6/24)
 k - a wand of lightning (5/15)
 p - a wand of slowing (40/48)
Scrolls
 e - 2 scrolls of enchant weapon
 h - 2 scrolls of teleportation
Potions
 d - a potion of brilliance
 i - a potion of curing {unknown}
 r - a potion of haste {unknown}
 s - a potion of heal wounds {unknown}
Books
 b - a book of Air

   Spells                             Type                      Level
   a - Shock                          Conjuration/Air              1
   b - Swiftness                      Charms/Air                   2
   c - Repel Missiles                 Charms/Air                   2
   d - Static Discharge               Conjuration/Air              3
   e - Lightning Bolt                 Conjuration/Air              5
 o - a book of Minor Magic

   Spells                             Type                      Level
   a - Magic Dart                     Conjuration                  1
   b - Blink                          Translocation                2
   c - Call Imp                       Summoning                    2
   d - Repel Missiles                 Charms/Air                   2
   e - Slow                           Hexes                        2
   f - Conjure Flame                  Conjuration/Fire             3
   g - Mephitic Cloud                 Conjuration/Poison/Air       3
Comestibles
 c - a bread ration
 l - 2 beef jerkies
 n - 10 fruits
 t - a meat ration


   Skills:
 - Level 1.7 Dodging
 - Level 1.7 Stealth
 + Level 2.9 Spellcasting
 + Level 2.7 Conjurations
 + Level 1.5 Charms
 * Level 4.3 Air Magic


You had one spell level left.
You knew the following spells:

 Your Spells              Type           Power        Failure   Level  Hunger
a - Shock                 Conj/Air       ###.         3%          1    None
b - Repel Missiles        Chrm/Air       ###...       8%          2    ##.....
c - Swiftness             Chrm/Air       ###.....     8%          2    ##.....
d - Static Discharge      Conj/Air       ###.....     12%         3    ###....


Dungeon Overview and Level Annotations

Branches:
Dungeon (4/15)
 Temple: D:4-7


Innate Abilities, Weirdness & Mutations

You have an increased reservoir of magic. (+10% MP)
You can translocate small distances at will.
You are frail. (-10% HP)
You are weak. (Str -2)


Message History

A red film seems to cover your vision as you go berserk!
You feel yourself moving faster!
You feel mighty! The howler monkey hits you.
* * * LOW HITPOINT WARNING * * *
You closely miss the howler monkey.
The howler monkey is almost dead.
The howler monkey barely misses you. The howler monkey hits you.
* * * LOW HITPOINT WARNING * * *
You closely miss the howler monkey.
The howler monkey is almost dead.
The howler monkey hits you!
* * * LOW HITPOINT WARNING * * *
You barely miss the howler monkey.
The howler monkey is almost dead.
The howler monkey misses you.
You puncture the howler monkey!
You kill the howler monkey!
You feel your strength returning.
You closely miss the worker ant. The worker ant barely misses you.
You closely miss the worker ant. The worker ant bites you!
You die...

#..............###.#####
#.#.#..................#
#.#....##.###.#.###..###
.......<..(..<......##
...............####.##
..###....#..... #..####
.. ######..... #.....#
.. #..####.....#
#..a@##.....#
...†)##........# ..#
####.....# #.....#
#######


You could see a worker ant.

Vanquished Creatures
  A howler monkey (D:4)
  An orc priest (D:3)
  2 orc wizards (D:3)
  4 adders
  2 oozes (D:3)
  3 worms
  A dart slug (D:2)
  7 orcs
  8 bats
  A giant cockroach (D:2)
  10 goblins
  7 hobgoblins
  13 jackals
  2 frilled lizards (D:2)
  5 kobolds
  6 rats
73 creatures vanquished.

Notes
Turn   | Place    | Note
-------+----------+-------------------------------------------
     0 | D:1      | AlphabetPasta the Demigod Air Elementalist began the quest for the Orb.
     0 | D:1      | Reached XP level 1. HP: 14/14 MP: 5/5
    71 | D:1      | Reached skill level 1 in Conjurations
   685 | D:1      | Reached skill level 3 in Air Magic
   685 | D:1      | Reached XP level 2. HP: 20/20 MP: 4/7
   689 | D:1      | Learned a level 2 spell: Repel Missiles
  1319 | D:2      | Learned a level 2 spell: Swiftness
  1539 | D:2      | Reached XP level 3. HP: 26/26 MP: 6/8
  1990 | D:2      | Found a sparkling altar of Nemelex Xobeh.
  2004 | D:2      | Found a glowing silver altar of Zin.
  2513 | D:3      | Reached XP level 4. HP: 12/33 MP: 1/10
  2518 | D:3      | Gained mutation: You are frail. (-10% HP) [potion of mutation]
  2518 | D:3      | Gained mutation: You can translocate small distances at will. [potion of mutation]
  2518 | D:3      | Gained mutation: You are weak. (Str -2) [potion of mutation]
  2823 | D:3      | Reached skill level 1 in Charms
  2909 | D:3      | Found a hazy altar of Hepliaklqana.
  2988 | D:3      | Learned a level 3 spell: Static Discharge
  3168 | D:3      | Reached skill level 4 in Air Magic
  3168 | D:3      | Reached XP level 5. HP: 34/34 MP: 6/12
  3933 | D:4      | HP: 2/51 [howler monkey (8)]
  3937 | D:4      | Slain by a worker ant

Skill      XL: |  1  2  3  4 |
---------------+-------------+-----
Conjurations   | 1 2 |  2.7
Air Magic      | 3 4 |  4.3
Spellcasting   | 2 |  2.9
Charms         | 1 |  1.5
Dodging        | |  1.7
Stealth        | |  1.7

Action                   |  1- 3 |  4- 6 || total
-------------------------+-------+-------++-------
Melee: Unarmed           |    10 |     5 ||    15
       Trident           |       |    13 ||    13
 Cast: Shock             |   101 |    64 ||   165
       Repel Missiles    |     1 |       ||     1
  Use: Scroll            |     5 |     3 ||     8
       Potion            |       |     4 ||     4
  Eat: Chunk             |     5 |     3 ||     8
       Beef jerky        |       |     1 ||     1
Armor: Robe              |     4 |     4 ||     8
Dodge: Dodged            |    10 |    15 ||    25
